 Dungeon Crawl Stone Soup version 0.31-a0-95-g6fa058ef04 (webtiles) character file.

Game seed: 16798309754968531427

1 frimble the Grasshopper (level 1, 0/14 HPs)
             Began as an Octopode Warper on May 25, 2023.
             Slain by a ball python (3 damage)
             ... on level 1 of the Dungeon.
             The game lasted 00:00:06 (25 turns).

frimble the Grasshopper (Octopode Warper)             Turns: 25, Time: 00:00:06

Health: 0/14       AC:  1    Str: 10    XL:     1   Next: 20%
Magic:  3/3        EV: 13    Int: 15    God:
Gold:   0          SH:  0    Dex: 11    Spells: 4/4 levels left

rFire   . . .        a - +0 short sword
rCold   . . .        (no shield)
rNeg    . . .        (helmet restricted)
rPois   .            (no amulet)
rElec   .            (no ring)
rCorr   .            (no ring)
SInv    .            (no ring)
Will    .....        (no ring)
Stlth   ++           (no ring)
HPRegen 0.22/turn    (no ring)
MPRegen 0.08/turn    (no ring)
                     (no ring)

%: no passive effects
@: no status effects
A: almost no armour, amphibious, 8 rings, camouflage 1, gelatinous body 1,
(nimble swimmer 1), tentacles
a: no special abilities


You were on level 1 of the Dungeon.
You visited 1 branch of the dungeon, and saw 1 of its levels.

Inventory:

Hand Weapons
 a - a +0 short sword (weapon)
Missiles
 c - 7 boomerangs of dispersal (quivered)
Scrolls
 b - a scroll of blinking


   Skills:
 - Level 2.0 Fighting
 + Level 2.0 Short Blades
 - Level 1.0 Throwing
 - Level 2.3 Dodging
 + Level 0.4 Stealth
 - Level 2.0 Spellcasting
 - Level 3.0 Translocations


You had 4 spell levels left.
You didn't know any spells.
Your spell library contained the following spells:

 Spells                   Type           Power      Damage    Failure   Level
 Blink                    Tloc           20%        N/A       10%         2
 Lesser Beckoning         Tloc           20%        N/A       10%         2
 Teleport Other           Tloc           10%        N/A       19%         3
 Vhi's Electric Charge    Tloc/Air       10%        N/A       36%         3
 Manifold Assault         Tloc           10%        N/A       54%         4


Dungeon Overview and Level Annotations

Branches:
Dungeon (1/15)

Altars:


Innate Abilities, Weirdness & Mutations

You cannot wear most types of armour.
You are amphibious.
You can wear up to eight rings at the same time.
Your skin changes colour to match your surroundings (Stealth+).
Your rubbery body absorbs attacks. (AC +1, EV +1)
((You are camouflaged when in or above water. (Stealth+)))
You have tentacles for arms and can constrict up to eight enemies at once.


Message History

There is an open gate here. 2 ball pythons come into view.
There are monsters nearby!
There are monsters nearby!
There are monsters nearby!
A ball python comes into view.
The ball python hisses angrily. x2
The ball python closely misses you. x2
The ball python hisses angrily.
You hit the ball python.
You kill the ball python!
The ball python bites you. The ball python closely misses you.
The ball python barely misses you. The ball python grabs you.
The ball python constricts you.
You are too injured to fight recklessly!
You are too injured to fight recklessly!
You are too injured to fight recklessly!
You are too injured to fight recklessly!
You are too injured to fight recklessly!
You are too injured to fight recklessly!
You are too injured to fight recklessly!
You are too injured to fight recklessly!
You are too injured to fight recklessly!
You barely miss the ball python. Your grab misses the ball python.
The ball python barely misses you. x2; The ball python constricts you.
You closely miss the ball python. Your grab misses the ball python.
The ball python bites you. The ball python constricts you.
The ball python bites you but does no damage.
You barely miss the ball python. Your grab misses the ball python.
The ball python bites you. x2; The ball python constricts you.
You hit the ball python.
You kill the ball python!
The ball python bites you.
* * * LOW HITPOINT WARNING * * *
The ball python constricts you.
* * * LOW HITPOINT WARNING * * *
You escape the ball python's grasp.
A hobgoblin comes into view.
The ball python bites you.
You die...

###...... ..
######......~~
..######.'.......~≈~~
#......['.....~~~≈≈~
#####.......'.......~≈≈~
...........#####......~~
g..........# ###......
...........# ###....
.......@...# ###..
.......S...# ###
............... #
................
.................
...........##+###
...........#
.....#######


You could see a hobgoblin (asleep) and a ball python.

Vanquished Creatures
  2 ball pythons (D:1)
2 creatures vanquished.

Notes
Turn   | Place    | Note
-------+----------+-------------------------------------------
     0 | D:1      | frimble the Octopode Warper began the quest for the Orb.
     0 | D:1      | Reached XP level 1. HP: 14/14 MP: 3/3
    25 | D:1      | Slain by a ball python

Illustrated notes

Levels and vault maps discovered:
D:1:      lemuel_arrival_funnel, layout_basic, serial_shops, shop

Action                     || total
---------------------------++-------
  Melee: Short sword       ||     5
 Armour: Skin              ||     1
  Dodge: Dodged            ||     6

Table legend: (Time is in decaauts)
 A = Elapsed time spent in this place.
 B = Non-inter-level travel time spent in this place.
 C = Inter-level travel time spent in this place.
 D = Time resting spent in this place.
 E = Time spent auto-exploring this place.
 F = Levels seen in this place.
 G = Mean time per level.
                   A        B        C        D        E       F      G
               +--------+--------+--------+--------+--------+-----+--------+
         Total |     24 |     24 |      0 |      0 |     14 |   1 |   24.0 |
       Dungeon |     24 |     24 |      0 |      0 |     14 |   1 |   24.0 |
               +--------+--------+--------+--------+--------+-----+--------+

Top non-repeatable levels by time:
     D:1: 24 daAuts
